Map: Dusk Towers

Players

Peppermint - Winner!

  • Race: Terran Terran
  • League: Platinum

Mahaaaadeen

  • Race: Zerg Zerg
  • League: Diamond

VOD

Have the link to the VOD?

Description

Time

  • Played on: March 25, 2016, 12:16 a.m.
  • Length: 18:27
Show
View Real Time Build Order
Export as new Build Order

Peppermint Terran - Winner!

Build Orders: Reaper Expand, MMM Bio 

Get SALT Encoding   

  12  0:00  SCV  
  13  0:13  SCV  
  14  0:18  Supply Depot  
  14  0:25  SCV  
  15  0:40  SCV, Barracks  
  16  0:46  Refinery  
  16  0:52  SCV  
  17  1:04  SCV  
  18  1:16  SCV  
  19  1:29  Orbital Command  
  19  1:30  Reaper  
  20  1:43  Command Center  
  20  1:57  SCV  
  21  2:02  Marine  
  22  2:09  SCV, Factory  
  22  2:14  Refinery  
  23  2:30  Barracks Reactor  
  23  2:55  SCV  
  23  2:56  Starport  
  23  2:58  Orbital Command  
  24  2:59  Supply Depot  
  24  3:07  SCV  
  25  3:17  Hellion  
  25  3:18  Hellion, Armory  
  25  3:19  SCV  
  30  3:20  Marine  
  31  3:31  SCV x2  
  33  3:38  Marine  
  33  3:39  Hellion x2  
  33  3:40  Medivac  
  40  3:43  SCV  
  40  3:44  SCV  
  42  3:55  SCV  
  43  3:56  SCV  
  43  4:00  Hellion, Supply Depot  
  46  4:05  Marine, Hellion  
  49  4:16  Medivac  
  51  4:21  Hellion  
  54  4:27  Hellion  
  56  4:32  Barracks Tech Lab  
  55  4:39  Engineering Bay  
  55  4:41  Command Center  
  55  4:45  Engineering Bay  
  55  4:46  Refinery  
  55  4:50  Refinery  
  55  4:52  SCV  
  56  4:53  SCV  
  46  5:35  SCV  
  46  5:36  SCV  
  46  5:42  Marine  
  49  5:44  Stimpack  
  49  5:47  Terran Infantry Weapons Level 1  
  49  5:48  SCV x2, Terran Infantry Armor Level 1  
  51  5:53  Liberator  
  51  5:54  Liberator  
  51  5:56  Barracks  
  51  5:58  Barracks  
  51  6:00  SCV, Marine  
  51  6:01  Orbital Command  
  51  6:02  SCV  
  54  6:07  Factory Tech Lab  
  60  6:12  SCV  
  60  6:17  SCV  
  64  6:18  Marauder  
  64  6:24  SCV, Supply Depot  
  65  6:27  Supply Depot  
  65  6:29  SCV  
  65  6:30  Siege Tank  
  65  6:32  SCV  
  70  6:36  SCV  
  70  6:39  Liberator  
  71  6:41  SCV  
  71  6:44  SCV, Barracks Reactor  
  71  6:47  Liberator, Barracks Reactor  
  73  6:48  Marauder  
  73  6:49  SCV  
  73  6:52  Supply Depot  
  73  6:53  SCV  
  77  6:56  SCV  
  81  7:01  SCV  
  81  7:02  Siege Tank  
  81  7:03  Supply Depot  
  81  7:05  SCV  
  89  7:09  SCV  
  89  7:10  Marauder  
  89  7:13  SCV  
  93  7:17  SCV  
  93  7:21  SCV, Marine x2, Supply Depot  
  97  7:23  Marine x2  
  97  7:25  SCV  
  97  7:26  Refinery  
  97  7:27  Refinery  
  97  7:29  SCV  
  101  7:31  Marauder  
  101  7:33  SCV  
  107  7:38  SCV, Marine  
  107  7:42  Marine x3  
  112  7:52  Marauder  
  112  7:56  Marine  
  115  8:00  Marine x2, Siege Tank  
  117  8:14  Terran Infantry Weapons Level 2, Terran Infantry Armor Level 2  
  117  8:16  Combat Shields  
  117  8:23  Supply Depot x2  
  117  8:26  Marine x5  
  125  8:27  Liberator, SCV x3  
  125  8:28  Liberator  
  125  8:44  Marine x2  
  105  9:05  Marine x3  
  105  9:06  Marine x2  
  110  9:10  Siege Tank  
  110  9:23  Marine x4  
  114  9:24  Marine  
  112  9:41  Marine x4, Viking x2  
  112  9:42  Marine, Siege Tank  
  124  9:54  Supply Depot  
  124  9:56  Barracks  
  124  9:58  Supply Depot  
  124  9:59  Marine x4  
  128  10:00  Marine, Barracks  
  128  10:04  SCV x3  
  132  10:09  Barracks  
  132  10:11  Viking x2  
  136  10:16  SCV x3, Marine, Siege Tank  
  136  10:17  Marine x3  
  146  10:26  Marine  
  147  10:29  Missile Turret  
  147  10:34  Missile Turret x2, Marine x3  
  150  10:43  Terran Infantry Weapons Level 3  
  150  10:44  Terran Infantry Armor Level 3  
  150  10:45  Missile Turret, Terran Vehicle Weapons Level 1  
  150  10:46  Barracks Reactor  
  150  10:47  Marine x2, Barracks Reactor  
  150  10:48  Missile Turret x2, Siege Tank  
  155  10:50  Viking  
  155  10:54  Barracks  
  155  10:56  Command Center  
  157  10:58  Missile Turret  
  157  11:05  Marine x3  
  157  11:06  Marine x2  
  157  11:07  Viking  
  157  11:08  Missile Turret  
  157  11:09  Missile Turret  
  95  11:19  Barracks Reactor  
  95  11:22  Marine  
  95  11:23  Marine x2  
  95  11:25  Marine x6  
  99  11:29  Viking  
  104  11:37  Viking  
  106  11:40  Marine  
  106  11:41  Marine x2  
  106  11:42  Marine  
  106  11:43  Marine x5  
  106  11:46  Barracks  
  115  11:48  Barracks  
  115  11:50  Siege Tank  
  118  11:58  Marine  
  118  11:59  SCV x3, Marine x2, Viking  
  118  12:00  Marine x2  
  128  12:07  Viking  
  128  12:08  Orbital Command  
  130  12:11  SCV x2, Marine  
  130  12:12  Marine x5  
  138  12:16  Marine x2  
  138  12:17  Marine  
  138  12:18  Marine x2  
  143  12:23  Armory, Siege Tank  
  143  12:29  Marine x2  
  147  12:30  Marine x4  
  147  12:31  Missile Turret x2  
  147  12:34  Starport, Marine x2  
  154  12:39  Terran Ship Weapons Level 1, Marine x2, Barracks Reactor x2  
  154  12:40  Marine  
  157  12:46  Medivac  
  157  12:47  Marine x3, Medivac  
  157  12:48  Marine x3  
  167  12:53  Orbital Command  
  167  13:02  Missile Turret  
  167  13:04  Missile Turret  
  158  13:09  Marine x7  
  158  13:10  Marine  
  166  13:14  Marine x5  
  166  13:15  Marine  
  172  13:25  Starport Reactor  
  172  13:42  Terran Vehicle Weapons Level 2  
  172  13:54  Marine x12  
  172  13:55  Marine x3, Medivac x2  
  191  13:58  Supply Depot x3  
  191  14:05  Orbital Command  
  191  14:09  Medivac x2  
  195  14:12  Marine  
  196  14:19  Marine x4  
  196  14:20  Marine x2  
  196  14:21  Marine x4  
  196  14:22  Marine x4  
  193  14:25  Medivac x2  
  193  14:29  Marine  
  172  14:33  Terran Vehicle And Ship Armor Level 1  
  172  14:38  Marine x2  
  156  14:39  Marine, Medivac x2  
  154  14:48  Marine x7  
  154  14:49  Marine x5  
  164  14:56  Marine x2  
  164  14:57  Marine  
  167  15:01  Viking x2  
  167  15:05  Marine  
  167  15:06  Marine  
  173  15:07  Marine  
  173  15:08  Marine x6  
  173  15:09  Marine x2, Viking x2  
  173  15:11  Marine  
  187  15:20  Marine x3  
  190  15:23  Marine x2  
  190  15:25  Marine  
  193  15:31  Viking  
  147  15:57  Terran Ship Weapons Level 2  
  147  16:02  Marine x3  
  147  16:03  Marine x6  
  147  16:04  Marine x6  
  140  16:05  Liberator x2  
  140  16:06  Liberator x2  
  143  16:20  Marine x3  
  143  16:24  Marine x5  
  143  16:25  Marine x2  
  165  16:35  Marine x5  
  165  16:38  Marine x2  
  171  16:46  Marine x5  
  169  16:47  Marine  
  169  16:49  Marine  
  169  17:02  Marine x4  
  169  17:03  Marine x4  
  169  17:05  Marine  
  178  17:11  Marine x3  
  178  17:12  Marine  
  182  17:56  Marine x5  
  182  17:57  Marine x7  
  182  17:58  Marine x2  
Show
View Real Time Build Order
Export as new Build Order

Mahaaaadeen Zerg 

Build Orders: Hatch First, Muta Ling Bane 

Get SALT Encoding   

  12  0:02  Drone  
  13  0:09  Drone  
  14  0:17  Extractor, Drone  
  15  0:29  Overlord  
  15  0:49  Drone x3  
  18  0:56  Hatchery  
  17  1:00  Drone  
  17  1:04  Extractor  
  17  1:11  Drone  
  18  1:18  Spawning Pool  
  18  1:21  Drone  
  19  1:32  Drone  
  19  1:43  Overlord  
  19  1:54  Drone  
  20  2:06  Zergling x2  
  21  2:09  Zergling x2  
  21  2:14  Metabolic Boost, Queen  
  24  2:16  Queen  
  24  2:18  Drone  
  24  2:19  Drone  
  28  2:26  Drone  
  29  2:45  Drone x3  
  29  2:47  Overlord  
  32  2:54  Queen  
  32  2:56  Queen  
  36  3:05  Overlord  
  36  3:07  Drone x2  
  38  3:15  Hatchery  
  38  3:18  Drone x2  
  39  3:29  Pneumatized Carapace  
  39  3:31  Drone x3  
  42  3:37  Roach Warren  
  41  3:52  Drone x2  
  41  3:53  Drone x2  
  41  3:55  Extractor, Drone x2  
  46  3:56  Extractor  
  45  4:03  Drone x2  
  45  4:04  Drone x3  
  45  4:09  Lair  
  48  4:22  Overlord, Roach x2  
  48  4:23  Overlord  
  52  4:32  Drone  
  52  4:33  Roach x2  
  57  4:50  Roach x5  
  57  4:51  Roach x2  
  71  4:56  Overlord  
  71  4:57  Roach  
  63  5:29  Queen  
  63  5:30  Drone x4  
  63  5:31  Drone x7  
  63  5:32  Drone  
  63  5:33  Overlord  
  77  5:38  Evolution Chamber  
  77  5:40  Extractor, Evolution Chamber, Drone  
  77  5:42  Drone  
  76  5:44  Glial Reconstitution  
  76  5:48  Spire  
  75  5:50  Drone x2  
  75  5:51  Baneling Nest  
  76  6:04  Drone x3  
  79  6:05  Drone x2  
  79  6:08  Zerg Melee Weapons Level 1  
  79  6:09  Zerg Ground Armor Level 1  
  81  6:15  Extractor  
  81  6:17  Drone x6  
  81  6:18  Extractor  
  85  6:21  Ravager  
  85  6:23  Ravager  
  87  6:51  Drone x3  
  87  6:53  Overlord x7  
  90  6:54  Hatchery  
  90  6:57  Centrifical Hooks  
  89  7:04  Ravager  
  89  7:06  Overlord  
  90  7:14  Drone x4  
  94  7:19  Spore Crawler  
  94  7:20  Drone  
  94  7:25  Spore Crawler  
  94  7:27  Drone  
  94  7:28  Spore Crawler  
  94  7:37  Zergling x12  
  94  7:38  Zergling x2  
  94  7:43  Drone  
  101  7:47  Zergling x6  
  104  7:55  Drone  
  104  7:56  Drone x4  
  109  8:14  Baneling x6  
  109  8:15  Baneling  
  109  8:16  Overlord x3  
  109  8:18  Zergling x8  
  109  8:19  Zergling x12  
  120  8:20  Zergling x6  
  120  8:25  Infestation Pit  
  120  8:26  Zergling x8  
  125  8:30  Baneling x7  
  125  8:32  Zergling x2  
  125  8:33  Zergling x2  
  125  8:38  Roach  
  125  8:39  Roach x2  
  131  8:49  Corruptor x2  
  131  8:50  Corruptor x6  
  99  9:06  Roach x5  
  99  9:07  Roach x2  
  111  9:10  Mutalisk  
  111  9:11  Mutalisk x5  
  111  9:14  Hive  
  111  9:16  Mutalisk x2  
  124  9:28  Hatchery  
  119  9:31  Zergling x2  
  119  9:32  Zergling x10  
  126  9:40  Mutalisk x3  
  126  9:44  Mutalisk x2  
  134  9:47  Zergling x6  
  134  9:48  Drone  
  134  9:49  Zergling x2  
  134  9:50  Zergling x6  
  141  9:54  Baneling  
  141  9:55  Baneling x6  
  141  9:57  Zergling x4  
  143  10:01  Roach  
  143  10:02  Roach  
  143  10:03  Roach  
  149  10:08  Queen  
  149  10:13  Drone x3  
  154  10:16  Baneling x5  
  154  10:17  Zergling x6, Baneling  
  157  10:25  Zerg Melee Weapons Level 2  
  157  10:27  Zergling x4  
  157  10:28  Zergling x6  
  162  10:31  Baneling  
  162  10:32  Baneling x2  
  162  10:33  Zergling x6  
  165  10:37  Zerg Ground Armor Level 2  
  165  10:39  Roach  
  165  10:42  Drone x2  
  169  10:45  Drone x2  
  169  10:46  Extractor, Drone x3  
  169  10:48  Extractor, Mutalisk  
  174  10:51  Mutalisk  
  176  10:57  Roach x2  
  176  10:58  Roach x2  
  162  11:25  Drone x2  
  162  11:26  Drone x5  
  169  11:41  Ultralisk Cavern  
  169  11:43  Overlord x3  
  169  11:46  Zergling x8  
  169  11:47  Zergling x12  
  174  11:50  Greater Spire  
  174  11:51  Corruptor  
  180  11:56  Hatchery  
  179  12:03  Hatchery  
  178  12:15  Corruptor  
  178  12:16  Corruptor x5  
  178  12:17  Extractor, Corruptor x2  
  178  12:20  Zergling x4  
  178  12:21  Extractor, Zergling x2  
  196  12:22  Zergling x2  
  196  12:23  Zergling x2  
  196  12:24  Zergling x2  
  196  12:29  Adrenal Glands  
  198  12:40  Drone  
  198  12:43  Chitinous Plating  
  199  13:00  Extractor  
  199  13:03  Extractor  
  180  13:11  Brood Lord x4  
  180  13:12  Brood Lord x3  
  194  13:15  Brood Lord  
  194  13:19  Baneling x2  
  196  13:20  Baneling x3  
  196  13:22  Baneling  
  196  13:23  Baneling  
  196  13:24  Baneling  
  196  13:25  Baneling  
  196  13:58  Brood Lord  
  196  13:59  Baneling x4  
  196  14:00  Zergling x2, Baneling x4  
  199  14:07  Spine Crawler  
  198  14:10  Spore Crawler, Spine Crawler  
  145  14:32  Corruptor x4  
  145  14:33  Corruptor x6  
  145  14:34  Corruptor x4  
  125  14:51  Ultralisk x2  
  121  15:03  Zergling x14  
  121  15:04  Zergling x4  
  130  15:09  Brood Lord x3  
  130  15:14  Brood Lord  
  138  15:16  Brood Lord  
  142  15:21  Brood Lord  
  142  15:26  Zergling x10  
  142  15:27  Zergling x12  
  153  15:30  Baneling x4  
  153  15:31  Baneling x7  
  153  15:33  Baneling  
  154  15:35  Zergling x4  
  154  15:37  Zergling x2  
  129  15:56  Zergling x10  
  114  15:57  Roach x2  
  114  15:58  Roach x3  
  114  15:59  Corruptor  
  101  16:09  Ultralisk  
  89  16:22  Baneling x6  
  89  16:23  Zergling x4, Baneling  
  89  16:24  Zergling x2  
  71  17:15  Ultralisk  
  69  17:29  Ultralisk  
  69  17:39  Ultralisk  
Tags
 
Add a new tag
Caveats
  • Supply blocks, unpowered buildings, or Contaminate may cause inaccurate times.
  • Supply counts are checked every 10 seconds.